 Dungeon Crawl Stone Soup version bcrawl-1.21.2-20-g6d45ba5942 (webtiles) character file.

Game seed: 16422178619729923043

1447 MisterOstroum the Covert (level 8, -4/49 HPs)
             Began as a Mana Stalker Archaeologist on Feb 25, 2020.
             Was a Believer of Elyvilon.
             Killed by divine providence
             ... invoked by an orc priest
              (11 damage)
             ... on level 6 of the Dungeon.
             The game lasted 00:08:41 (4594 turns).

MisterOstroum the Covert (VSAc)                     Turns: 4594, Time: 00:08:42

Health: -4/49      AC:  7    Str: 14    XL:     8   Next: 75%
Magic:  9/9        EV: 14    Int: 14    God:    Elyvilon [**....]
Gold:   394        SH:  0    Dex: 15    Spells: 7/7 levels left

rFire    . . .     SeeInvis .   f - +4 lajatang (speed)
rCold    . . .     Gourm    .   (shield currently unavailable)
rNeg     . . .     Faith    .   p - +0 leather armour
rPois    .         Spirit   .   M - +1 hat
rElec    .         Reflect  .   (no cloak)
rCorr    .         Harm     .   l - +0 pair of gloves
MR       +....                  d - +1 pair of boots
Stlth    ++++++....             (no amulet)
HPRegen  0.56/turn              B - ring of stealth
MPRegen  0.11/turn              (no ring)

@: no status effects
A: fangs 3, magic resistance 1, regeneration 1, antimagic bite, no potion heal
3, rot immunity, strong jaws
a: Lesser Healing, Heal Other, Divine Protection, Renounce Religion


You were on level 6 of the Dungeon.
You worshipped Elyvilon.
Elyvilon was pleased with you.
You were not hungry.

You visited 1 branch of the dungeon, and saw 6 of its levels.

You collected 394 gold pieces.

Inventory:

Hand Weapons
 a - a +0 whip
 f - a +4 lajatang of speed (weapon)
 i - a +0 hunting sling
 n - a +0 short sword
 t - a +0 scimitar
Missiles
 b - 1235 stones (quivered)
 r - 272 arrows
 x - 891 sling bullets
 C - 356 bolts
 D - 61 needles of frenzy
 F - 144 tomahawks
Armour
 d - a +1 pair of boots (worn)
 l - a +0 pair of gloves (worn)
 p - a +0 leather armour (worn)
 E - a +0 ring mail
 M - a +1 hat (worn)
Jewellery
 B - a ring of stealth (left hand)
Wands
 K - a wand of enslavement (6)
 L - a wand of disintegration (14)
Scrolls
 g - 5 scrolls of magic mapping {@r5 !r}
 k - 4 scrolls of teleportation
 s - 3 scrolls of blinking {unknown}
 v - 5 scrolls of identify {@r1}
 y - a scroll of amnesia {unknown}
 I - a scroll of remove curse {unknown}
Potions
 h - 2 potions of might {unknown}
 j - a potion of agility {unknown}
 m - 5 potions of cancellation
 o - a potion of haste {@q4 !q}
 q - a potion of brilliance {unknown}
 u - 2 potions of heal wounds
 w - a potion of mutation {unknown}
 z - a potion of magic {unknown}
 A - a potion of lignification {unknown}
 G - a potion of curing {unknown}
Comestibles
 c - 2 chunks of flesh
 e - 15 rations {!d}


   Skills:
 - Level 5.0 Fighting
 - Level 2.1 Short Blades
 - Level 0.8(3.2) Maces & Flails
 * Level 5.0 Staves
 - Level 5.0 Dodging
 + Level 8.3 Stealth


You had 7 spell levels left.
You didn't know any spells.
Your spell library contained the following spells:

 Spells                   Type           Power        Failure   Level  Hunger
 Flame Tongue             Conj/Fire      #....        36%         1    ##.....
 Conjure Flame            Conj/Fire      #.......     73%         3    ####...
 Leda's Liquefaction      Hex/Erth       #.........   73%         3    ####...
 Iron Shot                Conj/Erth      #.........   100%        6    #######
 Poison Arrow             Conj/Pois      #.........   100%        6    #######


Dungeon Overview and Level Annotations

Branches:
Dungeon (6/12)
 Temple: D:4-7

Altars:
Dithmenos
Elyvilon
Xom
Zin

Shops:
D:4 !   D:5 [


Innate Abilities, Weirdness & Mutations

You have razor-sharp teeth.
You are resistant to hostile enchantments. (MR+)
Your natural rate of healing is unusually fast.
Your bite disrupts and absorbs the magic of your enemies.
Potions cannot restore your health.
You are immune to rotting.
Your bites deal extra damage.


Message History

Found a quarterstaff.
The helpless centaur fails to defend itself.
You slice the centaur!!
You kill the centaur!
Your Stealth skill increases to level 8!
The hound barely misses you.
Found a ration.
You barely miss the hound. You bite the hound! You drain its power.
The hound is heavily wounded.
The hound bites you but does no damage.
The phantom blinks!
The hound misses you.
You slash the hound! You bite the hound.
You kill the hound!
You see here a robe.
You are feeling hungry.
The phantom blinks!
The phantom hits you!
The phantom blinks!
The phantom hits you.
You hit the phantom. Your bite misses the phantom.
The phantom is lightly damaged.
The phantom hits you.
You barely miss the phantom. Your bite misses the phantom.
The phantom is lightly damaged.
You slash the phantom! You bite the phantom.
The phantom's magic leaks into the air.
You drain its magic.
The phantom is severely damaged.
The phantom hits you.
You hit the phantom. You bite the phantom.
The phantom's magic leaks into the air.
You drain its magic.
The phantom is severely damaged.
The phantom closely misses you.
You closely miss the phantom. You bite the phantom!
The phantom's magic leaks into the air.
You drain its magic.
The phantom is almost destroyed.
The phantom falters for a moment.
You hit the phantom. Your bite misses the phantom.
The phantom is almost destroyed.
You slice the phantom!!
You destroy the phantom!
Your Staves skill increases to level 5!
No target in view!
No target in view!
No target in view!
No target in view!
No target in view!
No target in view!
No target in view!
No target in view!
No target in view!
Eating one of 3 chunks of flesh.
You eat one of the 3 chunks of flesh.
This raw flesh tastes terrible.
HP restored.
r - 272 arrows (gained 70)
You see here a cursed -2 shortbow.
h - 2 amethyst potions (gained 1)
You now have 394 gold pieces (gained 18).
e - 15 rations {!d} (gained 1)
An orc priest comes into view. It is wielding a +0 trident.
An orc priest is nearby!
An orc priest is nearby!
A worker ant, 2 orcs, an orc priest and an orc wizard come into view.
Found a stone staircase leading down.
The orc wizard casts a spell at you. The puff of flame misses you.
The helpless orc priest fails to defend itself.
You slash the orc priest!
The worker ant twitches its antennae in your direction.
The orc priest shouts!
You bite the orc priest. You drain its power.
The orc priest is almost dead.
The orc shouts!
You hit the orc priest but do no damage.
The orc priest is almost dead.
The orc wizard hits you with a +0 dagger.
The orc closely misses you.
The orc priest mumbles some strange prayers to Beogh against you.
Pain shoots through your body! The orc priest barely misses you.
You hit the orc priest.
The orc priest is almost dead.
The orc wizard points at you and mumbles some strange words.
The puff of flame hits you!
You are too injured to fight recklessly!
You are too injured to fight recklessly!
You are too injured to fight recklessly!
You are too injured to fight recklessly!
You are too injured to fight recklessly!
You slash the orc!
You kill the orc!
The orc priest calls down the wrath of Beogh upon you.
Beogh smites you!
You closely miss the orc priest. You bite the orc priest. You drain its power.
The orc priest is almost dead.
The orc priest closely misses you. The orc wizard casts a spell at you.
The puff of flame hits you!
* * * LOW HITPOINT WARNING * * *
The worker ant misses you.
The orc priest mumbles some strange prayers to Beogh against you.
Beogh smites you!
You die...

###+### #oa...##
###+##.o..>.# #.
#(...@o.....#
#..##....o.....#
..##..##..##+######
..........##.....##
..................#
..................#
....)............#
##..............#
#..............#


You could see a worker ant, 2 orc priests, an orc wizard and an orc.

Vanquished Creatures
  Grinder (D:5)
  Menkaure (D:4)
  An ice beast (D:5)
  A phantom (D:6)
  A centaur (D:6)
  Blork the orc (D:5)
  A scorpion (D:4)
  A howler monkey (D:4)
  5 crimson imps
  A bullfrog zombie (D:5)
  A hound (D:6)
  A quasit (D:5)
  4 orc wizards (D:5)
  An iguana (D:4)
  2 worker ants
  9 river rats (D:5)
  3 adders
  A shadow imp (D:5)
  An ooze (D:4)
  3 dart slugs
  5 leopard geckos
  19 orcs
  2 ball pythons
  3 bats
  2 giant cockroaches
  3 goblins
  7 hobgoblins
  8 jackals (D:3)
  6 kobolds
  7 quokkas
  6 frilled lizards
  22 rats
130 creatures vanquished.

Notes
Turn   | Place    | Note
-------+----------+-------------------------------------------
     0 | D:1      | MisterOstroum the Vine Stalker Archaeologist began the
                  | quest for the Orb.
     0 | D:1      | Reached XP level 1. HP: 11/11 MP: 2/2
    40 | D:1      | Reached skill level 1 in Fighting
   203 | D:1      | Reached XP level 2. HP: 16/16 MP: 3/3
  1064 | D:2      | Reached XP level 3. HP: 21/21 MP: 4/4
  1245 | D:2      | Found a white marble altar of Elyvilon.
  1252 | D:2      | Became a worshipper of Elyvilon the Healer
  1522 | D:2      | Reached skill level 1 in Short Blades
  1746 | D:3      | Reached skill level 5 in Stealth
  1746 | D:3      | Reached XP level 4. HP: 23/26 MP: 5/5
  2026 | D:3      | Found a shimmering altar of Xom.
  2161 | D:3      | Reached * piety under Elyvilon
  2648 | D:4      | Noticed Menkaure
  2713 | D:4      | Found Qaciulaw's Distillery.
  2737 | D:4      | Found a shadowy altar of Dithmenos.
  2792 | D:4      | Reached XP level 5. HP: 22/31 MP: 6/6
  2792 | D:4      | Identified a scroll of acquirement
  2793 | D:4      | Identified the ring "Xaluq" {Wiz rC+ rN+} (You acquired it
                  | on level 4 of the Dungeon)
  2985 | D:4      | Reached skill level 1 in Staves
  2985 | D:4      | Gained mutation: You have razor-sharp teeth. [Vine Stalker
                  | growth]
  2985 | D:4      | Reached XP level 6. HP: 37/37 MP: 7/7
  2995 | D:4      | Identified the Guide on the Mountains and Confrontation
  3143 | D:4      | Killed Menkaure
  3143 | D:4      | Reached skill level 6 in Stealth
  3408 | D:4      | Reached XP level 7. HP: 42/42 MP: 8/8
  3447 | D:4      | Found a glowing silver altar of Zin.
  3448 | D:4      | Reached ** piety under Elyvilon
  3496 | D:5      | Entered Level 5 of the Dungeon
  3502 | D:5      | Noticed Grinder
  3516 | D:5      | Paralysed by Grinder for 4 turns
  3521 | D:5      | Killed Grinder
  3837 | D:5      | Reached skill level 7 in Stealth
  3909 | D:5      | Gained mutation: Your bite disrupts and absorbs the magic
                  | of your enemies. [Mana Stalker growth]
  3909 | D:5      | Gained mutation: You are resistant to hostile enchantments.
                  | (MR+) [Mana Stalker growth]
  3909 | D:5      | Reached XP level 8. HP: 44/48 MP: 8/9
  4010 | D:5      | Found Kaphipt's Antique Armour Shoppe.
  4014 | D:5      | Noticed Blork the orc
  4021 | D:5      | Killed Blork the orc
  4055 | D:5      | Reached skill level 5 in Dodging
  4387 | D:5      | Reached skill level 5 in Fighting
  4526 | D:6      | Reached skill level 8 in Stealth
  4541 | D:6      | Reached skill level 5 in Staves
  4594 | D:6      | Killed from afar by an orc priest

Skill      XL: |  1  2  3  4  5  6  7  8 |
---------------+-------------------------+-----
Fighting       | 1 2 3 4 5 |  5.0
Short Blades   | 1 2 |  2.1
Stealth        | 5 6 7 8 |  8.3
Staves         | 1 3 5 |  5.0
Dodging        | 4 5 |  5.0
Maces & Flails | |  0.8

Action                   |  1- 3 |  4- 6 |  7- 9 || total
-------------------------+-------+-------+-------++-------
Melee: Whip              |    39 |       |       ||    39
       Bite              |     6 |    11 |    21 ||    38
       Short sword       |   110 |   113 |     1 ||   224
       Lajatang          |       |    36 |   150 ||   186
Throw: Stone             |       |    12 |       ||    12
Invok: Lesser Healing    |       |       |     3 ||     3
  Use: Scroll            |     2 |     2 |     2 ||     6
 Stab: Sleeping          |    15 |     5 |    17 ||    37
  Eat: Chunk             |     3 |     4 |     6 ||    13
Armor: Robe              |    13 |       |       ||    13
       Leather armour    |    22 |    34 |    43 ||    99
Dodge: Dodged            |    81 |    78 |    94 ||   253
